[Event "ICC tourney 2190 (3 2)"]
[Site "Internet Chess Club"]
[Date "2020.12.09"]
[Round "5"]
[White "NonnaThat"]
[Black "IndianTerritory"]
[Result "1-0"]
[ICCResult "Black forfeits on time"]
[WhiteElo "2013"]
[BlackElo "2183"]
[Opening "Caro-Kann: Forgács variation"]
[ECO "B15"]
[NIC "CK.06"]
[Time "21:37:17"]
[PlyCount "103"]
[TimeControl "180+2"]


1. e4 c6 2. d4 d5 3. Nd2 dxe4 4. Nxe4 Nf6 5. Nxf6+ exf6 6. Bc4 Qe7+ 7. Qe2
Be6 8. Bxe6 Qxe6 9. Be3 Bd6 10. O-O-O Qxa2 11. Bf4+ Kd7 12. Qg4+ Qe6 13.
Qf3 Bxf4+ 14. Qxf4 Na6 15. d5 cxd5 16. Nf3 Kc8 17. Rhe1 Qd7 18. Re3 h6 19.
Rc3+ Kd8 20. Rcd3 Nc7 21. Qg3 g6 22. Qh4 Qc6 23. Ne5 Qe6 24. Ng4 g5 25. Qh5
f5 26. Ne3 Ke8 27. Nxd5 Nxd5 28. Rxd5 Qe4 29. Rd7 Rh7 30. R7d2 Kf8 31. Re2
Qxg2 32. Red2 Qe4 33. Qh3 Qe5 34. Qa3+ Kg8 35. Rd5 Qxh2 36. Rd8+ Rxd8 37.
Rxd8+ Kg7 38. Qf8+ Kg6 39. Rd6+ Kh5 40. Rd3 Qf4+ 41. Kb1 Qxf2 42. Qg8 Qe1+
43. Ka2 Qe6+ 44. b3 Qg6 45. Qb8 Qa6+ 46. Kb1 f4 47. Qc8 Kg6 48. Qd8 Kh5 49.
Qc8 Kg6 50. Qd8 Qb5 51. Rd6+ Kh5 52. Rd3 { Black forfeits on time } 1-0

[Event "ICC tourney 2190 (3 2)"]
[Site "Internet Chess Club"]
[Date "2020.12.09"]
[Round "6"]
[White "SupaHotFiya"]
[Black "NonnaThat"]
[Result "1-0"]
[ICCResult "Black resigns"]
[WhiteElo "1982"]
[BlackElo "2013"]
[Opening "Sicilian: Canal-Sokolsky (Nimzovich-Rossolimo, Moscow) attack"]
[ECO "B51"]
[NIC "SI.01"]
[Time "21:53:54"]
[PlyCount "65"]
[TimeControl "180+2"]


1. e4 c5 2. Nf3 d6 3. Bb5+ Nd7 4. Ba4 Nf6 5. O-O g6 6. c3 Nxe4 7. Re1 Nf6
8. d4 cxd4 9. cxd4 Bg7 10. Nc3 O-O 11. Bg5 h6 12. Bf4 Nb6 13. Bb3 Bg4 14.
h3 Bxf3 15. Qxf3 Nh5 16. Be3 Qd7 17. Rad1 Rac8 18. a4 Nc4 19. Bc1 Na5 20.
Ba2 Nc6 21. Be3 Nb4 22. Bb3 Qc6 23. Qg4 d5 24. Qh4 Qf6 25. Qg4 Qc6 26. Qh4
Qf6 27. Qg4 e6 28. Qe2 Qf5 29. g4 Qf6 30. gxh5 Qh4 31. Qg4 Qf6 32. hxg6
fxg6 33. Ne2 { Black resigns } 1-0

[Event "ICC tourney 2190 (3 2)"]
[Site "Internet Chess Club"]
[Date "2020.12.09"]
[Round "6"]
[White "OctopusYule"]
[Black "clair"]
[Result "1-0"]
[ICCResult "Black checkmated"]
[WhiteElo "1833"]
[BlackElo "1682"]
[Opening "Robatsch defense"]
[ECO "B06"]
[NIC "KF.05"]
[Time "21:55:22"]
[PlyCount "89"]
[TimeControl "180+2"]


1. e4 g6 2. d4 Bg7 3. Nc3 e6 4. f4 Ne7 5. Nf3 d5 6. e5 b6 7. Bd3 Ba6 8. O-O
O-O 9. Be3 f6 10. Bxa6 Nxa6 11. Qe2 Nb8 12. exf6 Bxf6 13. Bd2 Nc8 14. Qxe6+
Kg7 15. Qxd5 Qxd5 16. Nxd5 Na6 17. Nxf6 Rxf6 18. c3 c5 19. d5 Nd6 20. Rfe1
Nc4 21. Bc1 Nc7 22. b3 Nd6 23. c4 Re8 24. Bb2 Kf7 25. Bxf6 Kxf6 26. Rxe8
Ncxe8 27. g3 Nf5 28. Re1 Ned6 29. Re6+ Kf7 30. Ng5+ Kg7 31. g4 h6 32. gxf5
hxg5 33. Rxd6 gxf4 34. Rxg6+ Kf7 35. Rg4 Kf6 36. Rxf4 a5 37. d6 Kf7 38. d7
Ke7 39. f6+ Kxd7 40. f7 a4 41. f8=Q axb3 42. axb3 b5 43. Qxc5 b4 44. Rf7+
Ke8 45. Qe7# { Black checkmated } 1-0

[Event "ICC tourney 2190 (3 2)"]
[Site "Internet Chess Club"]
[Date "2020.12.09"]
[Round "6"]
[White "SuperPuzzler"]
[Black "atevifred"]
[Result "1-0"]
[ICCResult "Black forfeits on time"]
[WhiteElo "1969"]
[BlackElo "1846"]
[Opening "Caro-Kann defense"]
[ECO "B15"]
[NIC "CK.02"]
[Time "21:53:45"]
[PlyCount "101"]
[TimeControl "180+2"]


1. e4 c6 2. d4 d5 3. Nd2 dxe4 4. Nxe4 Nf6 5. Ng3 Bf5 6. Nf3 e6 7. Nxf5 Qa5+
8. c3 Qxf5 9. Bd3 Qd5 10. O-O g6 11. Re1 Bg7 12. Bf4 O-O 13. h3 Nbd7 14.
Qe2 Rfe8 15. Ne5 Nxe5 16. Bxe5 Nd7 17. Bxg7 Kxg7 18. Bc4 Qd6 19. Qf3 b5 20.
Bd3 Rad8 21. Rad1 a6 22. Rd2 Qd5 23. Qxd5 cxd5 24. a4 Rb8 25. axb5 axb5 26.
Ra1 b4 27. Ra7 Nf6 28. Rd1 bxc3 29. bxc3 Rec8 30. Rc1 Rb3 31. Rca1 Rbxc3
32. Bf1 Rc1 33. R1a6 Kg8 34. f3 Re1 35. Kf2 Rcc1 36. Bb5 Red1 37. Re7 Rxd4
38. Raa7 Rc2+ 39. Kg3 Nh5+ 40. Kh2 Rf4 41. Be8 Rxf3 42. Bxf7+ Kf8 43. Re8+
Kg7 44. Bxe6+ Kh6 45. Bxd5 Rff2 46. Ree7 Nf6 47. Ba8 Rb2 48. Ra6 Nh5 49.
Raa7 Nf6 50. Kg1 Rfd2 51. Kh2 { Black forfeits on time } 1-0

[Event "ICC tourney 2190 (3 2)"]
[Site "Internet Chess Club"]
[Date "2020.12.09"]
[Round "6"]
[White "IndianTerritory"]
[Black "mdbgaccp"]
[Result "1-0"]
[ICCResult "Black forfeits on time"]
[WhiteElo "2183"]
[BlackElo "1804"]
[Opening "Sicilian: Kan, 5.Bd3"]
[ECO "B42"]
[NIC "SI.42"]
[Time "21:54:56"]
[PlyCount "81"]
[TimeControl "180+2"]


1. e4 c5 2. Nf3 e6 3. d4 cxd4 4. Nxd4 a6 5. Bd3 Qc7 6. O-O Nf6 7. Kh1 Nc6
8. Nxc6 bxc6 9. f4 Bc5 10. e5 Nd5 11. c4 Ne3 12. Bxe3 Bxe3 13. Qg4 g6 14.
Nc3 d5 15. exd6 Qxd6 16. Qf3 Bd4 17. Rab1 O-O 18. Ne2 Bg7 19. Rfd1 Qc7 20.
Be4 Bb7 21. Qh3 c5 22. Bxb7 Qxb7 23. b3 Qe4 24. Qd3 Qxd3 25. Rxd3 e5 26.
Rd5 Rac8 27. fxe5 Rfe8 28. Nf4 Bxe5 29. Nd3 Bd4 30. b4 Re3 31. Rd1 Bf6 32.
Rxc5 Rd8 33. Rd5 Rde8 34. a4 Re2 35. Rd6 Bc3 36. b5 axb5 37. axb5 Kf8 38.
b6 Ke7 39. c5 Rb8 40. Nf4 Re4 41. Nd5+ { Black forfeits on time } 1-0

[Event "ICC tourney 2190 (3 2)"]
[Site "Internet Chess Club"]
[Date "2020.12.09"]
[Round "7"]
[White "SupaHotFiya"]
[Black "OctopusYule"]
[Result "1-0"]
[ICCResult "Black resigns"]
[WhiteElo "1982"]
[BlackElo "1833"]
[Opening "Vienna gambit: Paulsen attack"]
[ECO "C29"]
[NIC "VG.03"]
[Time "22:11:38"]
[PlyCount "61"]
[TimeControl "180+2"]


1. e4 e5 2. Nc3 Nf6 3. f4 d5 4. fxe5 Nxe4 5. Qf3 Bc5 6. Nxe4 dxe4 7. Qxe4
O-O 8. Nf3 Nc6 9. c3 Re8 10. d4 Bb6 11. Bd3 f5 12. Qf4 Ne7 13. O-O Ng6 14.
Bc4+ Kh8 15. Qg5 Be6 16. Qxd8 Raxd8 17. Bxe6 Rxe6 18. Ng5 Ree8 19. Nf7+ Kg8
20. Nxd8 Rxd8 21. Rxf5 c5 22. Be3 cxd4 23. cxd4 Bxd4 24. Bxd4 Rxd4 25. Re1
Ne7 26. Rf3 Rd2 27. e6 Rxb2 28. Rf7 Nc6 29. Rc7 Rxa2 30. Rxc6 bxc6 31. e7 {
Black resigns } 1-0

[Event "ICC tourney 2190 (3 2)"]
[Site "Internet Chess Club"]
[Date "2020.12.09"]
[Round "7"]
[White "keb2020"]
[Black "SuperPuzzler"]
[Result "0-1"]
[ICCResult "White forfeits on time"]
[WhiteElo "1832"]
[BlackElo "1969"]
[Opening "Van't Kruijs opening"]
[ECO "A00"]
[Time "22:11:31"]
[PlyCount "70"]
[TimeControl "180+2"]


1. e3 e5 2. b3 d5 3. Bb2 Nc6 4. Bb5 Bd6 5. f4 Qe7 6. Nf3 Bg4 7. fxe5 Bxe5
8. Bxe5 Bxf3 9. Qxf3 Qxe5 10. Bxc6+ bxc6 11. O-O Nf6 12. Nc3 O-O 13. Rae1
Rfe8 14. Na4 Qe4 15. Nc5 Qxf3 16. Rxf3 Ne4 17. Nxe4 Rxe4 18. Ref1 f6 19.
Rf4 Rae8 20. g3 c5 21. Rxe4 Rxe4 22. Rf5 c6 23. Kg2 Kf7 24. Rf4 Re7 25. Kf3
Ke6 26. Ra4 Kd6 27. h4 h5 28. g4 hxg4+ 29. Rxg4 Ke5 30. Ra4 Kd6 31. Kf4 g6
32. Kf3 Rh7 33. Rg4 Rg7 34. Kf4 Ke6 35. a3 Rh7 { White forfeits on time }
0-1

[Event "ICC tourney 2190 (3 2)"]
[Site "Internet Chess Club"]
[Date "2020.12.09"]
[Round "7"]
[White "clair"]
[Black "mdbgaccp"]
[Result "0-1"]
[ICCResult "White checkmated"]
[WhiteElo "1682"]
[BlackElo "1804"]
[Opening "Queen's pawn: London system"]
[ECO "A45"]
[NIC "QP.07"]
[Time "22:13:15"]
[PlyCount "74"]
[TimeControl "180+2"]


1. d4 Nf6 2. Bf4 d5 3. e3 g6 4. Nf3 Bg7 5. Be2 Nbd7 6. Ne5 O-O 7. Nc3 c6 8.
h4 Nxe5 9. dxe5 Nd7 10. h5 Nxe5 11. hxg6 fxg6 12. Bh6 Qd6 13. Bxg7 Kxg7 14.
Qd4 Qf6 15. f4 Ng4 16. O-O-O Nf2 17. g4 Qxd4 18. exd4 Nxd1 19. Nxd1 Rxf4
20. g5 Rxd4 21. c3 Rf4 22. Ne3 e5 23. Nc2 Bf5 24. Nb4 Rf2 25. Bd3 a5 26.
Bxf5 Rxf5 27. Nd3 Rxg5 28. Kc2 Rf8 29. Kb3 b6 30. a4 c5 31. Re1 c4+ 32. Kc2
Rg2+ 33. Kb1 cxd3 34. Rxe5 Rf1+ 35. Ka2 d2 36. Rxd5 d1=Q 37. Rd6 Qxa4# {
White checkmated } 0-1

[Event "ICC tourney 2190 (3 2)"]
[Site "Internet Chess Club"]
[Date "2020.12.09"]
[Round "7"]
[White "atevifred"]
[Black "IndianTerritory"]
[Result "0-1"]
[ICCResult "White resigns"]
[WhiteElo "1846"]
[BlackElo "2183"]
[Opening "Réti opening"]
[ECO "A11"]
[NIC "QP.11"]
[Time "22:11:31"]
[PlyCount "76"]
[TimeControl "180+2"]


1. Nf3 c6 2. c4 d5 3. e3 Nf6 4. b3 Bg4 5. Bb2 e6 6. h3 Bh5 7. g4 Bg6 8. Ne5
Bxb1 9. Qxb1 Bd6 10. Bc3 Ne4 11. Bb2 Qf6 12. f4 Qh4+ 13. Kd1 Nf2+ 14. Kc2
Nxh1 15. Bg2 Nf2 16. Nf3 Qg3 17. Qf1 O-O 18. Bc3 Na6 19. a3 Nc5 20. b4 Ncd3
21. c5 Bxf4 22. exf4 Nxf4 23. Ne5 Nxg2 24. Qe2 Nxh3 25. Rh1 Nf2 26. Rg1 f6
27. Nf3 e5 28. Kb1 d4 29. Bb2 d3 30. Rxg2 Qxg2 31. Qe3 Qf1+ 32. Ka2 Nxg4
33. Qe4 Nh6 34. Qc4+ Rf7 35. Nh4 Qh1 36. Bc3 e4 37. Nf5 Nxf5 38. Qe6 e3 {
White resigns } 0-1